 Dungeon Crawl Stone Soup version 0.25-a0-661-g55ea3d2053 (webtiles) character file.

Game seed: 4733847376938819852, levelgen mode: deterministic

31 Esekla the Stinger (level 3, 22/22 HPs)
             Began as an Octopode Venom Mage on Mar 23, 2020.
             Was a Follower of Zin.
             Got out of the dungeon alive.
             The game lasted 00:07:51 (1127 turns).

Esekla the Stinger (Octopode Venom Mage)            Turns: 1127, Time: 00:07:51

Health: 22/22      AC:  1    Str:  8    XL:     3   Next: 22%
Magic:  6/6        EV: 13    Int: 17    God:    Zin [*.....]
Gold:   54         SH:  0    Dex: 12    Spells: 3/6 levels left

rFire    . . .     SeeInvis .   d - +0 dagger
rCold    + . .     Gourm    .   (no shield)
rNeg     . . .     Faith    .   (helmet restricted)
rPois    .         Spirit   .   (no amulet)
rElec    .         Reflect  .   c - ring of protection from cold
rCorr    .         Harm     .   (no ring)
MR       .....                  (no ring)
Stlth    +++.......             (no ring)
HPRegen  0.07/turn              (no ring)
MPRegen  0.10/turn              (no ring)
                                (no ring)
                                (no ring)

@: no status effects
A: almost no armour, stealthy swim, amphibious, 8 rings, constrict 8, camouflage
1, gelatinous body 1
a: Recite, Donate Gold, Renounce Religion


You escaped.
You worshipped Zin.
Zin was aware of your devotion.
You were near starving.

You visited 1 branch of the dungeon, and saw 3 of its levels.

You collected 60 gold pieces.
You donated 6 gold pieces to Zin.

Inventory:

Hand Weapons
 d - a +0 dagger (weapon)
Jewellery
 c - a ring of protection from cold (left tentacle)
Scrolls
 a - 2 scrolls of teleportation {unknown}
Comestibles
 b - 4 rations


   Skills:
 * Level 0.7 Fighting
 * Level 2.4 Dodging
 + Level 3.0 Stealth
 * Level 2.4 Spellcasting
 - Level 1.0 Transmutations
 + Level 0.4 Air Magic
 + Level 3.9 Poison Magic


You had 3 spell levels left.
You knew the following spells:

 Your Spells              Type           Power        Failure   Level  Hunger
a - Sting                 Tmut/Pois      ##..         7%          1    #......
b - Poisonous Vapours     Pois/Air       #.....       12%         2    ##.....

Your spell library contained the following spells:

 Spells                   Type           Power        Failure   Level  Hunger
 Ignite Poison            Fire/Tmut/Pois #.......     28%         3    ###....
 Mephitic Cloud           Conj/Pois/Air  #.......     30%         3    ###....
 Olgreb's Toxic Radiance  Pois           ###.....     36%         4    #####..


Dungeon Overview and Level Annotations

Branches:
Dungeon (3/15)

Altars:
Zin


Innate Abilities, Weirdness & Mutations

You cannot wear most types of armour.
You are very stealthy in the water. (Stealth+)
You are amphibious.
You can wear up to eight rings at the same time.
You can use your tentacles to constrict eight enemies at once.
Your skin changes colour to match your surroundings (Stealth+).
Your rubbery body absorbs attacks. (AC +1, EV +1)


Message History

Casting: Poisonous Vapours (safe; 12% risk of failure)
Confirm with . or Enter, or press ? or * to list all spells.
Okay, then.
The orc looks more healthy.
You are near starving!
There is a stone staircase leading up here.
Okay, then.
You climb upwards.
There is a stone staircase leading down here.
A worm comes into view.
Found 10 gold pieces.
Found a stone staircase leading up.
There is a stone staircase leading up here.
You climb upwards.
There is a stone staircase leading down here.
There is an open door here.
There is an open door here.
There is an open door here.
There is a staircase leading out of the dungeon here.
Are you sure you want to leave the Dungeon?
This will make you lose the game!
You have escaped!

#........# ##.#..#.#
#........# #..#..#.#
#........# #.###.#.#
.........# #.......#
.........# ##......#
...###+#########'####
###.........# #...#
............# #...#
###.........# #.@.#
...†...###### #...#
.......# #####
.......# .......#
.......# †......#
.......# .......#


There were no monsters in sight!

Vanquished Creatures
  A dart slug (D:1)
  A leopard gecko (D:2)
  An orc (D:3)
  2 giant cockroaches (D:1)
  4 hobgoblins (D:1)
  3 jackals (D:2)
  2 kobolds
  3 bats (D:1)
  2 frilled lizards
  4 goblins
  A rat (D:1)
24 creatures vanquished.

Notes
Turn   | Place    | Note
-------+----------+-------------------------------------------
     0 | D:1      | Esekla the Octopode Venom Mage began the quest for the Orb.
     0 | D:1      | Reached XP level 1. HP: 11/11 MP: 3/3
   243 | D:1      | Reached XP level 2. HP: 17/18 MP: 3/5
   247 | D:1      | Learned a level 2 spell: Poisonous Vapours
   860 | D:2      | Reached XP level 3. HP: 18/22 MP: 1/6
   997 | D:3      | Found a faded altar of an unknown god.
  1010 | D:3      | Became a worshipper of Zin the Law-Giver
  1010 | D:3      | Reached * piety under Zin
  1127 | D:$      | Got out of the dungeon alive.

Levels and vault maps discovered:
D:1:      dpeg_arrival_erosion, layout_basic
D:2:      layout_basic
D:3:      minmay_wonky_spiral, layout_basic, chequers_ecumenical_altar_island,
          uniq_jessica

Skill      XL: |  1  2  3 |
---------------+----------+-----
Stealth        | 3 |  3.0
Fighting       | |  0.7
Dodging        | |  2.4
Spellcasting   | |  2.4
Transmutations | |  1.0
Air Magic      | |  0.4
Poison Magic   | |  3.9

Action                   || total
-------------------------++-------
Melee: Dagger            ||    31
       Tentacles         ||     5
       Constrict         ||     7
 Cast: Sting             ||     4
       Poisonous Vapours ||    16
 Stab: Sleeping          ||     4
Armor: Skin              ||     1
Dodge: Dodged            ||    26

Table legend:
 A = Non-vault XP
 B = Vault XP
 C = Vault XP percentage of total XP
 D = Non-vault monster count
 E = Vault monster count
 F = Vault count percentage of total count
                 A         B        C        D         E       F
            +---------+---------+-------+---------+---------+-------
      Total |      45 |       0 |   0.0 |      24 |       0 |   0.0
            +---------+---------+-------+---------+---------+-------
        D:1 |      30 |       0 |   0.0 |      16 |       0 |   0.0
        D:2 |      12 |       0 |   0.0 |       7 |       0 |   0.0
        D:3 |       3 |       0 |   0.0 |       1 |       0 |   0.0
            +---------+---------+-------+---------+---------+-------
